Zazza, neutral female human Tourist ---------------- ------------- |`.............| #.<..........| |..............| -------------- ###|.........{.| |............... |............-# # |...........| -.---.----B----- |...{........|# ### |...........| # # @ |............|# # |...........| ### # # ------.-------# ### ----------.-- # # # # # #### ### ### # # # # I`# # # # ### ### # ### #### # # # # ### # #----------# ### -.-.- # # #-........|# # |...| ### # #` |........|# ---.------ |....##### -----|--------|- # |........|# |........| |...| # |..............-########|........|# |........| |...| ###|..............| # |.........# |...>....| |...| #-...............## ---------- ---------- ----- ---------------- Zazza the Rambler Experience level: 1 Strength: 11 Dexterity: 12 Constitution: 10 Intelligence: 13 Wisdom: 12 Charisma: 18 Health: 0(10) Energy: 2(2) Def: 0 Gold: 1090 Moves: 948 Dungeon seed: 7ghfopAcEinJlt8y Game ID: Zazza_1619438303 Your Inventory: Coins $ - 1090 gold pieces Amulets v - a cursed amulet of restful sleep Weapons a - 34 +2 darts (in quiver) I - a blessed +0 orcish dagger Armor e - an uncursed +0 Hawaiian shirt (being worn) y - an uncursed +0 Hawaiian shirt Comestibles b - 2 uncursed slime molds d - 2 uncursed cram rations f - an uncursed fortune cookie g - an uncursed egg h - 4 uncursed food rations j - 2 uncursed sprigs of wolfsbane D - an uncursed food ration Scrolls l - an uncursed scroll of magic mapping m - 2 blessed scrolls of magic mapping q - an uncursed scroll of teleportation C - an uncursed scroll of create monster F - an uncursed scroll of gold detection H - an uncursed scroll of enchant weapon K - an uncursed scroll of enchant armor Potions k - 2 uncursed potions of extra healing r - an uncursed potion of speed u - an uncursed potion of fruit juice w - a cursed potion of levitation x - an uncursed potion of see invisible z - an uncursed potion of fruit juice B - a cursed potion of sleeping E - an uncursed potion of healing Rings s - a cursed ring of invisibility Tools n - an expensive camera (0:34) o - an uncursed credit card t - an uncursed towel J - a magic marker (0:68) Spells and supernatural/magical abilities: Name Level Category Fail Memory W - pray for help -- divine ? -- Your skills at the end: Fighting Skills Weapon Skills dart [Basic] Spellcasting Skills Final Attributes: You were nominally aligned. You were lucky. You are dead. Vanquished creatures: a shrieker a green mold a gecko 3 jackals a goblin a grid bug 2 lichens a kobold zombie 3 newts 14 creatures vanquished. Voluntary challenges: You were vegetarian. You were an atheist. You never hit with a wielded weapon. You were a pacifist. You read items or engraved 1 time, starting on turn 220. You never genocided any monsters. You never polymorphed an object. You never changed form. You used no wishes. You never split a pudding. You never wrote Elbereth's name. You never violated your personal moral code. Dungeon overview: The Dungeons of Doom: levels 1 to 4 Level 1 a long staircase Level 2 a general store Level 3 <- You were here some fountains Level 4 History has recorded: On T:1 you entered the Dungeons of Doom to retrieve the Amulet of Yendor! On T:98 you reached level 2 of The Dungeons of Doom. On T:534 you reached level 3 of The Dungeons of Doom. On T:642 you reached level 4 of The Dungeons of Doom. Score breakdown: Gold: 363 ( 8711 points) Experience: 1 level ( 0 points) Exploration: 4 levels ( 8.33%) ( 7579 points) Discoveries: 0 items ( 0.00%) ( 0 points) Valuables value: (no points given unless you survive) Artifact value: 0 ( 0 points) Variety of kills: 9 monsters ( 2.36%) ( 4610 points) Turncount: 948 turns ( 0 points) Survival: died (score multiplied by 80%) Total score: 16720 Latest messages: Armand misses the green mold. (5x) You are beginning to feel hungry. Armand misses the green mold. Armand bites the green mold. (2x) The green mold is killed! This pancake is delicious! You finish eating the pancake. The door resists! The door opens. You hear a monster behind the boulder. Perhaps that's why you cannot move it. You hear a monster behind the boulder. Perhaps that's why you cannot move it. You displace Armand. The door opens. You displace Armand. $ - 7 gold pieces. K - a scroll labeled LEP GEX VEN ZEA. You see here a statue of a lichen. You displace Armand. You hear some noises. The bat bites! (3x) You die... Final status: Aloha Zazza the Tourist, killed by a bat... You died in The Dungeons of Doom on dungeon level 3 with 16720 points, and 1090 pieces of gold, after 948 moves. You were level 1 with a maximum of 10 hit points when you died.